 Dungeon Crawl Stone Soup version 0.28-a0-537-g3bccd9ccbf (webtiles) character file.

Game seed: 9564387802715585867

1614 siradein the Skirmisher (level 8, 0/71 HPs)
             Began as a Hill Orc Fighter on Sept 28, 2021.
             Slain by Pikel (6 damage)
             ... on level 6 of the Dungeon.
             The game lasted 00:21:23 (6925 turns).

siradein the Skirmisher (Hill Orc Fighter)          Turns: 6925, Time: 00:21:23

Health: 0/71       AC:  8    Str: 20    XL:     8   Next: 96%
Magic:  8/8        EV: 13    Int:  8    God:
Gold:   380        SH:  5    Dex: 11    Spells: 7/7 levels left

rFire   . . .      SeeInvis .   a - +0 war axe
rCold   . . .      Faith    .   c - +0 buckler
rNeg    . . .      Spirit   .   b - +0 scale mail
rPois   .          Reflect  .   (no helmet)
rElec   .          Harm     .   (no cloak)
rCorr   .          Rampage  .   m - +0 pair of gloves
Will    .....                   (no boots)
Stlth   ..........              (no amulet)
HPRegen 0.21/turn               u - +4 ring of evasion
MPRegen 0.11/turn               (no ring)

@: no status effects
A: no striking features
a: no special abilities


You were on level 6 of the Dungeon.
You visited 2 branches of the dungeon, and saw 7 of its levels.

You collected 380 gold pieces.

Inventory:

Hand Weapons
 a - a +0 war axe (weapon)
Missiles
 g - 206 stones (quivered)
 r - 4 throwing nets
 w - 3 boomerangs
Armour
 b - a +0 scale mail (worn)
 c - a +0 buckler (worn)
 m - a +0 pair of gloves (worn)
Jewellery
 u - a +4 ring of evasion (left hand)
 B - a +6 ring of strength
Wands
 t - a wand of acid (8)
Scrolls
 f - a scroll of holy word {unknown}
 i - a scroll of immolation {unknown}
 j - a scroll of fog {unknown}
 n - 3 scrolls of noise {unknown}
 o - 2 scrolls of teleportation
 v - a scroll of vulnerability
 x - a scroll of fear
Potions
 d - 2 potions of might
 e - a potion of attraction
 h - a potion of cancellation
 k - a potion of brilliance {unknown}
 l - 4 potions of curing
 p - a potion of mutation {unknown}
 q - a potion of flight {unknown}
 s - a potion of invisibility {unknown}
 z - 3 potions of lignification
 A - a potion of heal wounds {unknown}


   Skills:
 + Level 6.9 Fighting
 + Level 6.9 Axes
 + Level 4.2 Throwing
 + Level 6.2 Armour
 + Level 6.2 Shields


You had 7 spell levels left.
You didn't know any spells.
Your spell library contained the following spells:

 Spells                   Type           Power      Damage    Failure   Level
 Freeze                   Ice            0%         1d3       75%         1
 Sting                    Tmut/Pois      0%         1d3       75%         1
 Poisonous Vapours        Pois/Air       0%         N/A       86%         2
 Frozen Ramparts          Ice            0%         1d2       98%         3
 Hailstorm                Conj/Ice       0%         3d3       100%        4
 Olgreb's Toxic Radiance  Pois           0%         N/A       100%        4


Dungeon Overview and Level Annotations

Branches:
Dungeon (6/15)             Temple (1/1) D:6

Altars:
Cheibriados
Elyvilon
Fedhas
Gozag
Hepliaklqana
Kikubaaqudgha
Makhleb
Nemelex Xobeh
Qazlal
Sif Muna
Trog
Uskayaw
Vehumet
Wu Jian
Xom
Yredelemnul
Zin
The Shining One

Annotations:
D:2 1 runed translucent door, Crazy Yiuf, Natasha
D:6 Pikel


Message History

You block the phantom's attack.
You slash the phantom!
The phantom is moderately damaged.
You slash the lemure! You hit Pikel but do no damage.
The phantom hits you but does no damage.
Pikel misses you. You block the lemure's attack. The phantom hits you.
Pikel says, "You'll feel the lick of my whip!"
You slash the lemure!
The lemure is moderately wounded.
You block the lemure's attack.
You hit the lemure but do no damage.
The lemure is moderately wounded.
The lemure hits you.
You barely miss the lemure.
The lemure is moderately wounded.
The lemure hits you!
You hit the lemure but do no damage.
The lemure is moderately wounded.
The lemure completely misses you.
You miss Pikel. Pikel barely misses you.
You barely miss Pikel.
Pikel hits you with a +1 whip of freezing!
Pikel freezes you.
* * * LOW HITPOINT WARNING * * *
You hit Pikel.
Pikel is lightly wounded.
Pikel hits you with a +1 whip of freezing.
* * * LOW HITPOINT WARNING * * *
Pikel freezes you.
* * * LOW HITPOINT WARNING * * *
You closely miss Pikel.
Pikel is lightly wounded.
Pikel hits you with a +1 whip of freezing.
* * * LOW HITPOINT WARNING * * *
Pikel freezes you.
* * * LOW HITPOINT WARNING * * *
You closely miss Pikel.
Pikel is lightly wounded.
Pikel hits you with a +1 whip of freezing.
You die...

...##..#.#..#
..
...##.....#
..#
#..#.....#..#
#.........#
###W†>..###
#55..##
#5#### #K#
#@# #.# ..#
####


You could see Pikel, a phantom and 3 lemures.

Vanquished Creatures
  Sigmund (D:2)
  2 water moccasins
  2 ogres
  A necrophage (D:5)
  A phantom (D:5)
  Blork the orc (D:5)
  3 scorpions (D:5)
  3 bullfrog skeletons
  2 jellies
  A gnoll shaman (D:6)
  2 centaur skeletons
  3 iguanas
  A scorpion zombie (D:5)
  Natasha (twice) (D:2)
  A hound skeleton (D:4)
  9 gnolls
  11 adders
  An adder skeleton (D:5)
  A worm (D:2)
  4 dart slugs
  6 orcs (D:4)
  6 endoplasms
  A giant cockroach (D:1)
  A goblin (D:2)
  11 hobgoblins
  13 jackals
  4 quokkas
  8 ball pythons
  5 bats
  3 frilled lizards
  8 kobolds
  2 rats (D:1)
120 creatures vanquished.

Vanquished Creatures (others)
  4 plants (D:6)
4 creatures vanquished.

Grand Total: 124 creatures vanquished

Notes
Turn   | Place    | Note
-------+----------+-------------------------------------------
     0 | D:1      | siradein the Hill Orc Fighter began the quest for the Orb.
     0 | D:1      | Reached XP level 1. HP: 19/19 MP: 1/1
   197 | D:1      | Reached XP level 2. HP: 26/27 MP: 2/2
   296 | D:1      | Reached XP level 3. HP: 30/33 MP: 3/3
   936 | D:1      | Reached skill level 1 in Throwing
  1235 | D:2      | Noticed Sigmund
  1360 | D:2      | Reached XP level 4. HP: 14/40 MP: 4/4
  1361 | D:2      | Killed Sigmund
  1362 | D:2      | Reached XP level 5. HP: 12/47 MP: 5/5
  1367 | D:1      | Reached XP level 6. HP: 15/53 MP: 6/6
  1651 | D:2      | Found a runed translucent door.
  1652 | D:2      | Noticed Crazy Yiuf
  1735 | D:2      | Noticed Natasha
  1745 | D:2      | Killed Natasha
  1844 | D:2      | Noticed Natasha
  1852 | D:2      | Killed Natasha
  2000 | D:2      | Noticed Natasha
  2373 | D:3      | Reached skill level 5 in Fighting
  3038 | D:4      | Found a glowing silver altar of Zin.
  3330 | D:4      | Found an ornate altar of the Wu Jian Council.
  3352 | D:4      | Reached XP level 7. HP: 61/61 MP: 7/7
  3449 | D:4      | Reached skill level 5 in Axes
  3893 | D:5      | Entered Level 5 of the Dungeon
  4099 | D:5      | Reached skill level 5 in Armour
  4099 | D:5      | Reached skill level 5 in Shields
  4165 | D:5      | Noticed Blork the orc
  4184 | D:5      | Killed Blork the orc
  4426 | D:5      | Identified the +0 leather armour "Piskeel"
  4623 | D:5      | Reached XP level 8. HP: 10/70 MP: 8/8
  4628 | D:5      | HP: 2/70 [poisoned by a water moccasin]
  5077 | D:5      | Found an ancient bone altar of Kikubaaqudgha.
  5077 | D:5      | Found a shimmering altar of Xom.
  5105 | D:5      | Found a hazy altar of Hepliaklqana.
  5345 | D:5      | Found a shimmering blue altar of Sif Muna.
  5345 | D:5      | Found a blossoming altar of Fedhas.
  6734 | D:6      | Found a staircase to the Ecumenical Temple.
  6742 | D:6      | Noticed Pikel
  6744 | Temple   | Entered the Ecumenical Temple
  6925 | D:6      | Slain by Pikel

Illustrated notes

Levels and vault maps discovered:
D:1:      minmay_arrival_pointy, layout_basic, minivault_23
D:2:      layout_rooms, kennysheep_generic_room_4, uniq_sigmund,
          uniq_crazy_yiuf_cottage, uniq_natasha
D:3:      layout_basic, chequers_serial_rivers_micro_e
D:4:      layout_basic, amcnicky_altar_gilded, nzn_wu_jian_contemplation
D:5:      layout_gridville, mainiacjoe_overflow_tiny_flanked,
          gammafunk_temple_overflow_pools, jmf_multi_god_temple,
          kennysheep_generic_room_9, uniq_blork_the_orc
D:6:      layout_basic, minmay_temple_entry_waves, serial_bayou_ford_a,
          minmay_misc_feat_nine_boxes, uniq_pikel
Temple:   jpeg_temple_clearing

Skill      XL: |  1  2  3  4  5  6  7  8 |
---------------+-------------------------+-----
Axes           | 3 4 5 6 |  6.9
Fighting       | 4 5 6 |  6.9
Throwing       | 1 2 3 4 |  4.2
Armour         | 4 5 6 |  6.2
Shields        | 4 5 6 |  6.2

Action                   |  1- 3 |  4- 6 |  7- 9 || total
-------------------------+-------+-------+-------++-------
Melee: War axe           |   102 |   164 |   193 ||   459
Throw: Stone             |       |     8 |    52 ||    60
  Use: Potion            |     1 |       |     1 ||     2
       Scroll            |       |       |     8 ||     8
Armor: Scale mail        |    52 |    57 |    62 ||   171
Dodge: Dodged            |    45 |    80 |   113 ||   238
Block: Buckler           |    27 |    48 |    46 ||   121

Table legend: (Time is in decaauts)
 A = Elapsed time spent in this place.
 B = Non-inter-level travel time spent in this place.
 C = Inter-level travel time spent in this place.
 D = Time resting spent in this place.
 E = Time spent auto-exploring this place.
 F = Levels seen in this place.
 G = Mean time per level.
                   A        B        C        D        E       F      G
               +--------+--------+--------+--------+--------+-----+--------+
         Total |   7056 |   6853 |    203 |   1424 |   4256 |   7 | 1008.0 |
       Dungeon |   6896 |   6731 |    165 |   1424 |   4145 |   6 | 1149.3 |
        Temple |    160 |    122 |     38 |      0 |    111 |   1 |  160.0 |
               +--------+--------+--------+--------+--------+-----+--------+

Top non-repeatable levels by time:
     D:5: 2037 daAuts
     D:1: 1503 daAuts
     D:4: 955 daAuts
     D:6: 873 daAuts
     D:2: 778 daAuts
     D:3: 747 daAuts
  Temple: 160 daAuts
